 Dungeon Crawl Stone Soup version 0.28-a0-1190-g77e1c55843 (webtiles) character file.

Game seed: 9345413402447302729

690 mandarbmax the Placeless Cat (level 7, -5/27 HPs)
             Began as a Felid Conjurer on Dec 18, 2021.
             Slain by an orc warrior (11 damage)
             ... on level 6 of the Dungeon.
             The game lasted 00:16:53 (9019 turns).

mandarbmax the Placeless Cat (Felid Conjurer)       Turns: 9019, Time: 00:16:54

Health: -5/27      AC:  2    Str:  3    XL:     7   Next: 36%
Magic:  11/11      EV: 19    Int: 21    God:
Gold:   169        SH:  0    Dex: 15    Spells: 3/10 levels left
                                        Lives:  0   Deaths: 2

rFire   + . .      SeeInvis +   (weapon unavailable)
rCold   . . .      Faith    .   (shield unavailable)
rNeg    . . .      Spirit   .   (armour unavailable)
rPois   .          Reflect  .   (helmet unavailable)
rElec   .          Harm     .   (cloak unavailable)
rCorr   .          Rampage  .   (gloves unavailable)
Will    ++...                   (boots unavailable)
Stlth   ++........              (no amulet)
HPRegen 0.09/turn               d - ring of protection from fire
MPRegen 0.12/turn               b - ring of willpower

@: quick
A: very small, claws 1, fangs 3, see invisible, speed 1, shaggy fur 2, stealthy
paws, no weapons or thrown items, no armour, multi-lived
a: no special abilities


You were on level 6 of the Dungeon.
You visited 1 branch of the dungeon, and saw 6 of its levels.

You collected 169 gold pieces.

Inventory:

Jewellery
 b - a ring of willpower (right paw)
 d - a ring of protection from fire (left paw)
Wands
 j - a wand of flame (14)
Scrolls
 a - a scroll of teleportation
 c - a scroll of torment
 h - 2 scrolls of identify
Potions
 e - a potion of attraction
 f - 2 potions of might
 k - 2 potions of haste


   Skills:
 * Level 5.8 Dodging
 - Level 2.6 Stealth
 - Level 2.0 Spellcasting
 + Level 6.8 Conjurations
 - Level 8.0 Translocations


You had 3 spell levels left.
You knew the following spells:

 Your Spells              Type           Power      Damage    Failure   Level
a - Magic Dart            Conj           100%       1d8       1%          1
b - Searing Ray           Conj           60%        2d6       1%          2
c - Iskenderun's Mystic   Conj/Tloc      33%        2d8       7%          4

Your spell library contained the following spells:

 Spells                   Type           Power      Damage    Failure   Level
 Dazzling Flash           Conj/Hex       32%        N/A       11%         3
 Animate Skeleton         Necr           4%         N/A       14%         1
 Pain                     Necr           8%         1d4       14%         1
 Corpse Rot               Necr/Air       4%         N/A       22%         2
 Poisonous Vapours        Pois/Air       4%         N/A       22%         2
 Scorch                   Fire           4%         2d5       22%         2
 Vampiric Draining        Necr           2%         2d6       41%         3
 Flame Wave               Conj/Fire      16%        2d5       34%         4
 Fulminant Prism          Conj/Hex       8%         3d7       34%         4
 Summon Cactus Giant      Summ           1%         N/A       100%        6


Dungeon Overview and Level Annotations

Branches:
Dungeon (6/15)
 Temple: D:4-7

Altars:
Trog

Shops:
D:1 (   D:3 [


Innate Abilities, Weirdness & Mutations

You have sharp claws.
You have razor-sharp teeth.
You have supernaturally acute eyesight. (SInv)
You cover ground quickly. (Speed+)
You are covered in thick fur. (AC +2)
Your paws help you pounce on unaware monsters.
You are incapable of wielding weapons or throwing items.
You cannot wear armour.
You gain extra lives every three experience levels.


Message History

The killer bee is almost dead.
The killer bee is knocked back by the mystic blast.
The killer bee slams into the rock wall!
You kill the killer bee!
You hear an angry buzzing noise.
A killer bee comes into view.
Unknown command.
Unknown command.
The killer bee misses you. The killer bee completely misses you.
You climb upwards.
There is a stone staircase leading down, spattered with blood here.
Casting: Iskenderun's Mystic Blast (quite dangerous; 7% risk of failure)
Confirm with . or Enter, or press ? or * to list all spells.
Aiming: Searing Ray (safe; 1% risk of failure)
Press: ? - help, Shift-Dir - straight line, f - killer bee
Aim: a killer bee (heavily wounded, 58% to hit)
The searing ray hits the killer bee.
The killer bee is almost dead. (Press . to maintain the ray.)
The killer bee misses you. The killer bee closely misses you.
The searing ray hits the killer bee.
You kill the killer bee!
You start resting.
You start resting.
HP restored.
You start resting.
Magic restored.
You climb downwards.
The killer bee closely misses you. x2
The orc warrior hits you from afar with a +0 trident!!
Ouch! That really hurt!
* * * LOW HITPOINT WARNING * * *
The killer bee closely misses you. The orc warrior completely misses you.
There is a stone staircase leading up, spattered with blood here.
Casting: Searing Ray (safe; 1% risk of failure)
Confirm with . or Enter, or press ? or * to list all spells.
The spell is quite dangerous to miscast (7% risk of failure)!
Continue anyway?
Okay, then.
The killer bee misses you. x2
The orc warrior hits you from afar with a +0 trident!
You die...

### ##@#####
#y.....#
#....o..###.#
##.####.# ..#
####


You could see an orc warrior and a killer bee.

Vanquished Creatures
  Sigmund (D:3)
  A centaur (D:5)
  4 killer bees
  2 hounds (D:4)
  3 orc priests
  Ijyb (D:4)
  2 bullfrog skeletons
  A scorpion zombie (D:5)
  6 orc wizards
  Robin (D:4)
  3 gnolls (D:5)
  6 adders
  2 ufetubi
  6 worms
  2 dart slugs
  10 orcs
  4 bats
  6 endoplasms
  3 giant cockroaches
  12 goblins
  16 hobgoblins
  6 jackals
  9 kobolds
  7 quokkas
  11 ball pythons
  2 frilled lizards
  11 rats
138 creatures vanquished.

Vanquished Creatures (others)
  20 plants (D:1)
20 creatures vanquished.

Grand Total: 158 creatures vanquished

Notes
Turn   | Place    | Note
-------+----------+-------------------------------------------
     0 | D:1      | mandarbmax the Felid Conjurer began the quest for the Orb.
     0 | D:1      | Reached XP level 1. HP: 7/7 MP: 4/4
   127 | D:1      | Found Ekokh's Antique Weapon Shoppe.
   175 | D:1      | Reached XP level 2. HP: 11/11 MP: 0/6
   178 | D:1      | Learned a level 2 spell: Searing Ray
  1136 | D:1      | Reached XP level 3. HP: 14/14 MP: 4/7
  1890 | D:2      | Found a faded altar of an unknown god.
  1893 | D:2      | Reached skill level 5 in Conjurations
  2109 | D:2      | Reached XP level 4. HP: 14/18 MP: 4/8
  2132 | D:2      | Learned a level 4 spell: Iskenderun's Mystic Blast
  2769 | D:3      | Reached skill level 1 in Translocations
  3101 | D:3      | Reached skill level 2 in Translocations
  3243 | D:3      | Found Mejoas's Armour Shoppe.
  3341 | D:3      | Noticed a moth of wrath
  3344 | D:3      | Found a bloodstained altar of Trog.
  3360 | D:3      | Slain by a rat
  3361 | D:3      | Reached XP level 3. HP: 0/14 MP: 1/7
  3410 | D:3      | Reached XP level 4. HP: 11/18 MP: 0/8
  3661 | D:3      | Reached skill level 3 in Translocations
  4413 | D:3      | Noticed Sigmund
  4445 | D:3      | Killed Sigmund
  4446 | D:3      | Reached skill level 5 in Translocations
  4446 | D:3      | Reached XP level 5. HP: 21/21 MP: 0/9
  5073 | D:4      | Gained mutation: You are covered in thick fur. (AC +2)
                  | [Felid growth]
  5073 | D:4      | Reached XP level 6. HP: 24/24 MP: 4/10
  5210 | D:4      | Reached skill level 6 in Translocations
  5751 | D:4      | Noticed Ijyb
  5760 | D:4      | Killed Ijyb
  6207 | D:4      | Noticed Robin
  6211 | D:4      | Killed Robin
  6478 | D:5      | Entered Level 5 of the Dungeon
  6502 | D:5      | HP: 1/24 [orc wizard/puff of flame (5)]
  6807 | D:5      | Reached skill level 7 in Translocations
  6885 | D:4      | Reached XP level 7. HP: 7/27 MP: 1/11
  7584 | D:5      | Reached skill level 8 in Translocations
  7666 | D:5      | Shot with an arrow by a centaur
  7667 | D:5      | Reached XP level 6. HP: -6/24 MP: 7/10
  8466 | D:6      | Reached XP level 7. HP: 22/27 MP: 1/11
  8707 | D:6      | Reached skill level 5 in Dodging
  9019 | D:6      | Slain by an orc warrior

Illustrated notes

Levels and vault maps discovered:
D:1:      scummos_arrival_simple_crosswalls, layout_basic, serial_bayou,
          serial_bayou_lagoon_b, serial_bayou_lake_a, serial_bayou_shore_b,
          serial_bayou_shore_b, serial_bayou_lagoon_a, serial_shops,
          nicolae_diamond_shop
D:2:      layout_loops_cross, chequers_ecumenical_altar_simple,
          amethyst_killhole, minmay_octomino_c4
D:3:      layout_loops_corners, tgw_trog, serial_shops, shop, st_stairs_1,
          uniq_sigmund
D:4:      layout_loops_corners, nrook_uturn, uniq_ijyb, uniq_robin
D:5:      layout_cave_pools, hangedman_decor_slide_cut,
          minmay_stone_trees_small, minmay_a_box_with_orc_wizards_in_it
D:6:      layout_basic, minmay_temple_entry_mini_moons

Skill      XL: |  1  2  3  4  5  6  7 |
---------------+----------------------+-----
Dodging        | 3 4 5 |  5.8
Conjurations   | 4 5 6 |  6.8
Translocations | 5 7 8 |  8.0
Stealth        | |  2.6
Spellcasting   | |  2.0

Action                   |  1- 3 |  4- 6 |  7- 9 || total
-------------------------+-------+-------+-------++-------
Melee: Unarmed           |    19 |    28 |    15 ||    62
       Bite              |     3 |     6 |     3 ||    12
 Cast: Magic Dart        |    85 |   124 |     7 ||   216
       Searing Ray       |     2 |    30 |     3 ||    35
       Iskenderun's Myst |       |     6 |     7 ||    13
  Use: Scroll            |       |    10 |       ||    10
       Potion            |       |     2 |       ||     2
Armor: Skin              |     1 |     3 |     3 ||     7
Dodge: Dodged            |    21 |    61 |    29 ||   111

Table legend: (Time is in decaauts)
 A = Elapsed time spent in this place.
 B = Non-inter-level travel time spent in this place.
 C = Inter-level travel time spent in this place.
 D = Time resting spent in this place.
 E = Time spent auto-exploring this place.
 F = Levels seen in this place.
 G = Mean time per level.
                   A        B        C        D        E       F      G
               +--------+--------+--------+--------+--------+-----+--------+
         Total |   8368 |   8203 |    165 |   2305 |   5072 |   6 | 1394.7 |
       Dungeon |   8368 |   8203 |    165 |   2305 |   5072 |   6 | 1394.7 |
               +--------+--------+--------+--------+--------+-----+--------+

Top non-repeatable levels by time:
     D:4: 2218 daAuts
     D:3: 2173 daAuts
     D:5: 1325 daAuts
     D:2: 1318 daAuts
     D:1: 1310 daAuts
     D:6: 21 daAuts
